 Dungeon Crawl Stone Soup version 0.24-a0-715-g0b739ee41d (webtiles) character file.

Game seed: 12434315356027345089, levelgen mode: deterministic

65878 Kairok the Cleaver (level 15, -1/77 HPs)
             Began as a Vine Stalker Assassin on Sept 30, 2019.
             Was the Champion of Qazlal.
             Slain by a jumping spider (3 damage)
             ... on level 4 of the Lair of Beasts.
             The game lasted 00:37:43 (12836 turns).

Kairok the Cleaver (Vine Stalker Assassin)         Turns: 12836, Time: 00:37:44

Health: -1/77      AC: 15    Str: 19    XL:     15   Next: 17%
Magic:  0/19       EV:  9    Int: 13    God:    Qazlal [******]
Gold:   478        SH:  0    Dex: 22    Spells: 18/18 levels left

rFire    . . .     SeeInvis +   L - +8 war axe of Domination {vamp, MR+ Str+2}
rCold    . . .     Gourm    .   q - +0 shield
rNeg     . . .     Faith    .   u - +2 robe of Vines {NoPotionHeal Regen+7}
rPois    .         Spirit   +   F - +2 helmet {SInv}
rElec    .         Reflect  .   c - +0 cloak
rCorr    +         Harm     .   t - +2 pair of gloves {Str+3}
MR       ++...                  P - +0 pair of boots {Fly}
Stlth    +.........             B - amulet of regeneration
HPRegen  4.22/turn              X - ring of Nintys {Int+2 Dex+2}
MPRegen  0.16/turn              r - ring of resist corrosion

@: lethally poisoned (-1 -> -1), protected from physical damage, flying, held,
hasted, repel missiles, very quick
A: fangs 3, blurry vision 1, regeneration 2, weak 1, magic shield, antimagic
bite, no potion heal 3, rot immunity
a: Upheaval, Elemental Force, Disaster Area, Renounce Religion, Stop Flying


You were on level 4 of the Lair of Beasts.
You worshipped Qazlal.
Qazlal was exalted by your worship.
You were very hungry.

You visited 2 branches of the dungeon, and saw 15 of its levels.
You also visited: Bailey and Ice Cave.

You collected 1191 gold pieces.
You spent 713 gold pieces at shops.

Inventory:

Hand Weapons
 i - a +2 dagger of flaming
 z - a +1 short sword of protection
 A - a +1 falchion of electrocution
 L - the +8 war axe of Domination (weapon) {vamp, MR+ Str+2}
   (You found it on level 9 of the Dungeon)

   It inflicts no extra harm, but heals its wielder when it wounds a living foe.
   It affects your strength (+2).
   It affects your resistance to hostile enchantments.
 U - the +8 whip "Snakebite" {curare, rPois}
   (You found it on level 1 of the Lair of Beasts)

   It poisons the flesh of those it strikes.
   It protects you from poison.
Missiles
 d - 60 poisoned darts (quivered)
 e - 2 curare-tipped darts
 l - 30 boomerangs
 s - 2 throwing nets
Armour
 c - a +0 cloak (worn)
 q - a +0 shield (worn)
 t - a +2 pair of gloves of strength (worn)
 u - the +2 robe of Vines (worn) {NoPotionHeal Regen+7}
   (You found it on level 4 of the Dungeon)

   It increases your rate of regeneration.
 F - a +2 helmet of see invisible (worn)
 P - a +0 pair of boots of flying (worn)
Jewellery
 j - an uncursed ring of protection from magic
 m - an uncursed ring of ice
 r - a ring of resist corrosion (right hand)
 B - an amulet of regeneration (around neck)
 W - an uncursed amulet of harm
 X - the ring of Nintys (left hand) {Int+2 Dex+2}
   (You found it on level 11 of the Dungeon)

   [ring of dexterity]

   It affects your intelligence (+2).
   It affects your dexterity (+2).
Wands
 p - a wand of scattershot (3)
 x - a wand of polymorph (17)
 E - a wand of disintegration (6)
 G - a wand of random effects (38)
 I - a wand of paralysis (20)
 K - a wand of flame (24)
 Y - a wand of digging (4)
Scrolls
 b - 2 scrolls of identify
 h - 3 scrolls of enchant armour
 w - 6 scrolls of teleportation
 y - 2 scrolls of fear
 C - 4 scrolls of remove curse
 D - 3 scrolls of fog
 H - a scroll of blinking
 M - a scroll of enchant weapon
 N - a scroll of torment
 O - a scroll of acquirement
 V - 2 scrolls of amnesia
Potions
 a - a potion of brilliance
 g - 5 potions of magic
 k - a potion of haste
 n - 6 potions of curing
 o - 6 potions of lignification
 v - 2 potions of agility
 J - 2 potions of mutation
 R - a potion of flight
 S - a potion of might {unknown}
 Z - 2 potions of resistance
Miscellaneous
 Q - 2 boxes of beasts
 T - a lightning rod (4/4)
Comestibles
 f - 30 rations


   Skills:
 + Level 7.9 Fighting
 - Level 4.9(7.6) Short Blades
 - Level 9.1(9.6) Long Blades
 * Level 11.7 Axes
 + Level 2.5 Throwing
 + Level 2.2 Armour
 + Level 7.7 Dodging
 + Level 7.2 Stealth
 + Level 10.7 Shields
 + Level 2.2 Spellcasting
 * Level 5.0 Invocations
 + Level 1.8 Evocations


You had 18 spell levels left.
You didn't know any spells.
Your spell library contained the following spells:

 Spells                   Type           Power        Failure   Level  Hunger
 Confusing Touch          Hex            #.....       41%         1    ##.....
 Freeze                   Ice            #...         41%         1    ##.....
 Confuse                  Hex            #.......     78%         3    ####...
 Gell's Gravitas          Tloc           #.........   78%         3    ####...
 Ice Form                 Ice/Tmut       #.......     99%         4    #####..
 Petrify                  Tmut/Erth      #.......     99%         4    #####..
 Summon Ice Beast         Ice/Summ       #.......     99%         4    #####..
 Metabolic Englaciation   Hex/Ice        #.........   100%        5    ######.
 Yara's Violent Unravell  Hex/Tmut       #.........   100%        5    ######.
 Bolt of Cold             Conj/Ice       #.........   100%        6    #######
 Simulacrum               Ice/Necr       #.........   100%        6    #######


Dungeon Overview and Level Annotations

Branches:
Dungeon (11/15)            Temple (0/1) D:4            Lair (4/6) D:10
 Shoals (0/4) Lair:2       Spider (0/4) Lair:4          Orc (0/2) D:10
 Bailey (visited)           IceCv (visited)

Altars:
Cheibriados
Fedhas
Gozag
Hepliaklqana
Kikubaaqudgha
Qazlal
Ru
Sif Muna
Trog
Vehumet
Wu Jian
Xom
Yredelemnul
Beogh

Shops:
D:5 **   D:7 [

Annotations:
D:9 2 transporters


Innate Abilities, Weirdness & Mutations

You have razor-sharp teeth.
You heal very quickly.
When hurt, damage is shared between your health and your magic reserves.
Your bite disrupts and absorbs the magic of your enemies.
Potions cannot restore your health.
You are immune to rotting.
Scrolls take you a little longer to read.
You are weak. (Str -2)


Message History

You are too injured to fight recklessly!
Unknown command.
The web tears apart.
You feel very sick.
The jumping spider leaps!
You block the jumping spider's attack. x3
The jumping spider bites you. The jumping spider pounces on you!
* * * LOW HITPOINT WARNING * * *
The jumping spider bites you but does no damage.
The jumping spider pounces on you but does no damage.
The jumping spider bites you but does no damage.
The jumping spider pounces on you!
* * * LOW HITPOINT WARNING * * *
The jumping spider closely misses you. You block the jumping spider's attack.
The jumping spider bites you but does no damage.
You feel yourself speed up.
You feel sick.
You block the jumping spider's attack. x5; The jumping spider misses you.
The jumping spider pounces on you.
* * * LOW HITPOINT WARNING * * *
You are caught in a web!
The jumping spider bites you.
You die...

....#[##
.#....
.#...# #
.... ^#
..(# .#.
#.○##.#.#
#.s≈%..##
##@s§.>.^#
#s§s≈...#.
#ss.##^#^#
.....# .#
#...P.#
##.....
##...##
#....
.....


You could see 6 jumping spiders.

Vanquished Creatures
  Gastronok (Lair:3)
  An orc warlord (Bailey)
  Snorg (D:10)
  Josephine (D:10)
  3 hydras (Lair:1)
  Erolcha (D:9)
  3 two-headed ogres
  The ghost of Zawski the Spear-Bearer, a novice HOBe of Trog (D:10)
  2 death yaks (IceCv)
  The ghost of gentoosiast the Frost Mage, a journeyman DEIE of Sif Muna (D:11)
  An unseen horror (D:11)
  3 orc knights
  A cyclops (D:11)
  An ice statue (IceCv)
  7 black mambas (Lair:1)
  A torpor snail (Lair:3)
  A gargoyle (D:10)
  3 spiny frogs
  17 polar bears
  A queen bee (D:10)
  3 trolls
  A hornet (D:10)
  7 blink frogs (Lair:3)
  3 hippogriffs
  2 redbacks (Lair:4)
  2 centaur simulacra (D:10)
  A shadow (D:11)
  3 wraiths (D:10)
  A wyvern (D:11)
  54 yaks
  3 neqoxecs (D:11)
  2 basilisks (Lair:3)
  A hungry ghost (D:8)
  Menkaure (D:5)
  11 water moccasins
  6 orc warriors
  4 ice beasts
  5 porcupines
  A sky beast (D:8)
  7 ogres
  17 wolves (IceCv)
  7 centaurs
  3 crocodiles
  3 big kobolds
  13 bullfrogs
  2 gnoll sergeants
  A wyvern skeleton (D:10)
  A water moccasin skeleton (D:9)
  A scorpion (D:8)
  28 killer bees
  3 howler monkeys
  4 electric eels (D:10)
  A bullfrog zombie (D:7)
  2 centaur zombies
  3 crimson imps
  2 jellies
  5 quasits
  8 hounds
  3 centaur skeletons
  9 orc priests
  3 bullfrog skeletons
  An iguana (D:4)
  12 orc wizards
  8 worker ants
  2 hound zombies
  A killer bee simulacrum (D:10)
  2 worker ant zombies
  12 adders
  12 gnolls
  2 shadow imps
  12 white imps (Lair:3)
  3 oozes
  2 adder skeletons (D:8)
  6 worms
  5 dart slugs
  4 leopard geckos
  65 orcs
  3 giant cockroaches
  22 goblins
  6 hobgoblins
  9 jackals
  33 kobolds
  3 quokkas
  2 ball pythons
  4 bats
  9 frilled lizards
  A leopard gecko skeleton (D:6)
  A quokka zombie (D:5)
  9 rats
  A fungus (Lair:3)
540 creatures vanquished.

Vanquished Creatures (collateral kills)
  A white draconian (IceCv)
1 creature vanquished.

Vanquished Creatures (others)
  A two-headed ogre (D:8)
  A troll (D:8)
  A yak (Lair:2)
  A bullfrog (D:8)
  A jelly (D:8)
  An orc wizard (D:8)
  A shadow imp (D:10)
  3 fungi (Lair:3)
  2 plants
12 creatures vanquished.

Grand Total: 553 creatures vanquished

Notes
Turn   | Place    | Note
-------+----------+-------------------------------------------
     0 | D:1      | Kairok the Vine Stalker Assassin began the quest for the
                  | Orb.
     0 | D:1      | Reached XP level 1. HP: 11/11 MP: 2/2
    76 | D:1      | Reached skill level 5 in Stealth
   125 | D:1      | Reached XP level 2. HP: 13/15 MP: 3/3
   281 | D:1      | Reached XP level 3. HP: 18/18 MP: 4/4
   824 | D:2      | Found a faded altar of an unknown god.
   824 | D:2      | Found a hazy altar of Hepliaklqana.
   832 | D:2      | Found a basalt altar of Yredelemnul.
   834 | D:2      | Found a snail-covered altar of Cheibriados.
   835 | D:2      | Found a faded altar of an unknown god.
   854 | D:2      | Became a worshipper of Qazlal Stormbringer
   854 | D:2      | Reached * piety under Qazlal
   888 | D:2      | Gained mutation: Your natural rate of healing is unusually
                  | fast. [Vine Stalker growth]
   888 | D:2      | Reached XP level 4. HP: 15/23 MP: 5/5
   975 | D:2      | Reached skill level 1 in Dodging
  1161 | D:2      | Reached ** piety under Qazlal
  1841 | D:3      | Reached XP level 5. HP: 26/26 MP: 6/6
  1996 | D:3      | Found an opulent altar of Gozag.
  2444 | D:4      | Noticed an ogre
  2446 | D:4      | Noticed an ogre
  2455 | D:4      | Found the +2 robe of Vines {NoPotionHeal Regen+7}
  2512 | D:4      | Found a staircase to the Ecumenical Temple.
  2670 | D:4      | Found a sacrificial altar of Ru.
  2759 | D:4      | Reached skill level 1 in Shields
  2759 | D:4      | Reached XP level 6. HP: 30/30 MP: 7/7
  2819 | D:4      | Reached skill level 1 in Armour
  2857 | D:4      | Reached XP level 7. HP: 35/35 MP: 8/8
  3143 | D:5      | Entered Level 5 of the Dungeon
  3145 | D:5      | Found Miasicw's Assorted Antiques.
  3148 | D:5      | Bought a scroll labeled WACSOGGUFI for 23 gold pieces
  3148 | D:5      | Bought a scroll labeled ZINKEHABYW for 23 gold pieces
  3148 | D:5      | Bought a scroll labeled WACSOGGUFI for 23 gold pieces
  3254 | D:5      | Found an ancient bone altar of Kikubaaqudgha.
  3288 | D:5      | Noticed Menkaure
  3297 | D:5      | Killed Menkaure
  3396 | D:5      | Gained mutation: You have razor-sharp teeth. [Vine Stalker
                  | growth]
  3396 | D:5      | Reached XP level 8. HP: 40/40 MP: 6/9
  3648 | D:5      | Reached *** piety under Qazlal
  3657 | D:5      | Found Gofion's Goods Gallery.
  4199 | D:6      | Found a blossoming altar of Fedhas.
  4385 | D:6      | Reached skill level 1 in Long Blades
  4704 | D:6      | Reached XP level 9. HP: 45/45 MP: 6/10
  4710 | D:6      | Reached skill level 5 in Shields
  5002 | D:7      | Found a radiant altar of Vehumet.
  5671 | D:7      | Found Ucits's Armour Shoppe.
  5676 | D:7      | Bought a +2 helmet of see invisible for 322 gold pieces
  5843 | D:7      | Reached **** piety under Qazlal
  6086 | D:8      | Reached skill level 5 in Long Blades
  6154 | D:8      | Killed a two-headed ogre
  6155 | D:8      | Killed a troll
  6208 | D:8      | Reached XP level 10. HP: 46/50 MP: 6/11
  6263 | D:8      | Identified the +1 robe of Littaokh {rF- Str+7} (You found
                  | it on level 8 of the Dungeon)
  6332 | D:8      | Found a shimmering altar of Xom.
  6568 | D:9      | Found a stormy altar of Qazlal.
  6595 | D:9      | Noticed a two-headed ogre
  6609 | D:9      | Noticed Erolcha
  6614 | D:9      | Killed a two-headed ogre
  6619 | D:9      | Killed Erolcha
  6619 | D:9      | Reached skill level 5 in Dodging
  6637 | D:9      | Found an ornate altar of the Wu Jian Council.
  6768 | D:9      | Found a transporter.
  6770 | D:9      | Noticed a glowing orange brain
  7017 | D:9      | Got an ichor-stained war axe
  7018 | D:9      | Found a transporter.
  7022 | D:9      | Identified the +8 war axe of Domination {vamp, MR+ Str+2}
                  | (You found it on level 9 of the Dungeon)
  7138 | D:9      | Found a bloodstained altar of Trog.
  7150 | D:9      | Reached XP level 11. HP: 54/54 MP: 12/12
  7309 | D:9      | Found a shimmering blue altar of Sif Muna.
  7727 | D:10     | Entered Level 10 of the Dungeon
  7744 | D:10     | Reached skill level 5 in Fighting
  7759 | D:10     | Reached skill level 1 in Axes
  7819 | D:10     | Found a flagged portal.
  7822 | D:10     | Reached ***** piety under Qazlal
  7840 | D:10     | Noticed Josephine
  7849 | D:10     | Killed Josephine
  7849 | D:10     | Reached skill level 2 in Axes
  7877 | Bailey   | Entered a bailey
  7894 | Bailey   | Noticed an orc warlord
  7905 | Bailey   | Noticed an orc knight
  7920 | Bailey   | Killed an orc knight
  7920 | Bailey   | Reached skill level 3 in Axes
  7984 | Bailey   | Found a runed translucent gate.
  7984 | Bailey   | Found a runed translucent gate.
  8000 | Bailey   | Found a runed translucent gate.
  8086 | Bailey   | Killed an orc warlord
  8086 | Bailey   | Reached skill level 4 in Axes
  8159 | D:10     | Noticed an orc knight
  8177 | D:10     | Killed an orc knight
  8221 | D:10     | Noticed Zawski's ghost (novice HOBe)
  8512 | D:10     | Noticed a two-headed ogre
  8520 | D:10     | Killed a two-headed ogre
  8520 | D:10     | Reached skill level 5 in Axes
  8520 | D:10     | Gained mutation: You heal very quickly. [Vine Stalker
                  | growth]
  8520 | D:10     | Reached XP level 12. HP: 42/60 MP: 9/13
  8556 | D:10     | Found a staircase to the Lair.
  8568 | D:10     | Noticed Snorg
  8573 | D:10     | Killed Snorg
  8573 | D:10     | Reached skill level 1 in Evocations
  8591 | D:10     | Found a transporter.
  8593 | D:10     | Found a transporter.
  8624 | D:10     | Killed Zawski's ghost
  8624 | D:10     | Reached skill level 6 in Axes
  8748 | D:10     | Found a roughly hewn altar of Beogh.
  8748 | D:10     | Found a staircase to the Orcish Mines.
  8897 | D:11     | Noticed a two-headed ogre
  8905 | D:11     | Killed a two-headed ogre
  8905 | D:11     | Reached ****** piety under Qazlal
  8962 | D:11     | Reached skill level 7 in Axes
  9070 | D:11     | Found a transporter.
  9143 | D:11     | Noticed gentoosiast's ghost (journeyman DEIE)
  9158 | D:11     | Found a transporter.
  9556 | D:11     | Killed gentoosiast's ghost
  9556 | D:11     | Reached skill level 8 in Axes
  9560 | D:11     | Gained mutation: Scrolls take you a little longer to read.
                  | [a neqoxec]
  9560 | D:11     | Gained mutation: You are weak. (Str -2) [a neqoxec]
  9574 | D:11     | Got the ring of Nintys {Dex+2}
  9584 | D:11     | Identified the ring of Nintys {Int+2 Dex+2} (You found it
                  | on level 11 of the Dungeon)
  9647 | Lair:1   | Entered Level 1 of the Lair of Beasts
  9673 | Lair:1   | Reached skill level 1 in Invocations
  9684 | Lair:1   | Noticed an eight-headed hydra
  9692 | Lair:1   | Killed an eight-headed hydra
  9829 | Lair:1   | Reached XP level 13. HP: 65/66 MP: 15/15
 10176 | Lair:1   | Reached skill level 9 in Axes
 10242 | Lair:1   | Found the +8 whip "Snakebite" {curare, rPois}
 10530 | Lair:2   | Found a staircase to the Shoals.
 10740 | Lair:2   | Reached skill level 10 in Shields
 10989 | D:5      | Bought a +2 pair of gloves of strength for 322 gold pieces
 11357 | Lair:3   | Found a frozen archway.
 11389 | Lair:3   | Reached skill level 10 in Axes
 11392 | Lair:3   | Noticed Gastronok
 11411 | Lair:3   | Killed Gastronok
 11435 | Lair:3   | Reached XP level 14. HP: 72/72 MP: 18/18
 11445 | Lair:3   | Identified a scroll of acquirement
 11446 | IceCv    | Entered an ice cave
 11540 | IceCv    | Reached skill level 11 in Axes
 11747 | IceCv    | Reached XP level 15. HP: 51/77 MP: 13/19
 11858 | IceCv    | Identified the Incunabulum of Snow
 12499 | Lair:3   | Reached skill level 5 in Invocations
 12822 | Lair:4   | Found a hole to the Spider Nest.
 12836 | Lair:4   | HP: 2/77 [jumping spider (5)]
 12836 | Lair:4   | Slain by a jumping spider

Levels and vault maps discovered:
D:1:      grunt_arrival_crossed_arrows, layout_loops_cross, minivault_26
D:2:      layout_basic, chequers_temple_overflow_minitemple, serial_forest,
          infiniplex_forest_lined_1, infiniplex_forest_clump_double,
          infiniplex_forest_clump_small, infiniplex_forest_clump_tiny,
          infiniplex_forest_clump_C, infiniplex_forest_lined_corner,
          infiniplex_forest_lined_room_2, infiniplex_forest_lined_room_2,
          infiniplex_forest_clump_medium, kennysheep_generic_room_15
D:3:      layout_basic, nicolae_gozag_cash_rules_everything_around_me
D:4:      layout_rooms, nicolae_ru_great_annihilating_truth,
          minmay_temple_entry_mini_moons, first_ration
D:5:      layout_basic, kiku_gazebo_garden_becter, serial_shops, shop,
          nicolae_alphabet_shops, minmay_fractal_squares_diagonal_5,
          uniq_menkaure
D:6:      layout_basic, fedhas_ov_isle_minmay
D:7:      layout_basic, old_standard_altar, serial_shops, kennysheep_little_box
D:8:      layout_cave_pools, xom_confusion_cloud
D:9:      gammafunk_jiyva_shrine, layout_loops_ring, lightli_temple_of_fire,
          lemuel_blue_sif_altar, overflow_temple_1_default, old_standard_altar,
          st_stairs_8, grunt_ogre_cave, uniq_erolcha
D:10:     layout_loops_ring, dpeg_oklobed_lair, david_orc_5,
          gammafunk_ghost_hive, serial_ice, serial_ice_j, serial_ice_m,
          serial_ice_c, serial_ice_d, enter_bailey_1, uniq_josephine, uniq_snorg
D:11:     layout_irregular_city, gammafunk_ghost_stat_death
Lair:1:   minmay_guarded_unrand_snakebite, layout_hall_layers,
          infiniplex_staircase_pool_2
Lair:2:   layout_long_grid, minmay_shoals_entry_centaurs,
          ebering_ghost_inner_flame, eino_small_chamber_without_monster,
          grunt_megastairs_3
Lair:3:   layout_gridlike, portal_ice_cave_entry_imps, uniq_gastronok
Lair:4:   layout_loops_ring, nicolae_spider_entry_tight_spaces,
          gammafunk_ghost_hive, lemuel_fruit_tree

Skill      XL: |  1  2  3  4  5  6  7  8  9 10 11 12 13 14 15 |
---------------+----------------------------------------------+-----
Stealth        | 5 6 7 |  7.2
Short Blades   | 2 3 4 |  4.9
Dodging        | 1 2 3 4 5 6 7 |  7.7
Fighting       | 2 3 4 5 6 7 |  7.9
Shields        | 1 3 4 6 7 8 9 10 | 10.7
Throwing       | 2 |  2.5
Armour         | 1 2 |  2.2
Long Blades    | 3 6 8 9 |  9.1
Axes           | 5 8 10 11 | 11.7
Evocations     | 1 |  1.8
Invocations    | 1 4 5 |  5.0
Spellcasting   | 2 |  2.2

Action                   |  1- 3 |  4- 6 |  7- 9 | 10-12 | 13-15 || total
-------------------------+-------+-------+-------+-------+-------++-------
Melee: Dagger            |    63 |   212 |   153 |       |       ||   428
       Bite              |    23 |    68 |   133 |   166 |   178 ||   568
       Falchion          |       |       |   212 |    80 |       ||   292
       War axe           |       |       |       |   354 |   424 ||   778
       Short sword       |       |       |       |     3 |    15 ||    18
Throw: Dart              |       |     5 |     3 |     2 |       ||    10
Evoke: Wand              |       |       |       |    19 |     9 ||    28
       Lightning rod     |       |       |       |       |     1 ||     1
       Box of beasts     |       |       |       |       |     1 ||     1
  Use: Scroll            |     2 |     5 |     6 |     2 |    10 ||    25
       Potion            |     1 |     2 |     1 |       |     2 ||     6
 Stab: Sleeping          |    14 |       |       |       |       ||    14
       Distracted        |       |       |       |       |     1 ||     1
  Eat: Chunk             |       |     6 |    11 |    15 |     5 ||    37
       Ration            |       |       |       |       |     1 ||     1
Armor: Robe              |     4 |    44 |    77 |    99 |    99 ||   323
       Ring mail         |       |    13 |       |       |       ||    13
Dodge: Dodged            |    15 |    88 |   127 |   264 |   265 ||   759
       Deflected         |       |       |     2 |    17 |     6 ||    25
Block: Other             |     1 |     8 |       |       |       ||     9
       Shield            |       |    65 |   240 |   530 |   576 ||  1411
       Rpst.: Falchion   |       |       |    31 |    14 |       ||    45

Table legend:
 A = Non-vault XP
 B = Vault XP
 C = Vault XP percentage of total XP
 D = Non-vault monster count
 E = Vault monster count
 F = Vault count percentage of total count
                 A         B        C        D         E       F
            +---------+---------+-------+---------+---------+-------
      Total |   30615 |   34005 |  52.6 |     365 |     176 |  32.5
            +---------+---------+-------+---------+---------+-------
        D:1 |      54 |       0 |   0.0 |      25 |       0 |   0.0
        D:2 |      89 |       3 |   3.3 |      32 |       2 |   5.9
        D:3 |      35 |       0 |   0.0 |      13 |       0 |   0.0
        D:4 |     564 |      42 |   6.9 |      21 |       4 |  16.0
        D:5 |     601 |     314 |  34.3 |      20 |       3 |  13.0
        D:6 |     884 |       0 |   0.0 |      18 |       0 |   0.0
        D:7 |     986 |       0 |   0.0 |      35 |       0 |   0.0
        D:8 |    1357 |     313 |  18.7 |      38 |       3 |   7.3
        D:9 |    3000 |    1123 |  27.2 |      27 |       3 |  10.0
       D:10 |    3530 |    7130 |  66.9 |      33 |      43 |  56.6
       D:11 |    5937 |    1518 |  20.4 |      47 |       7 |  13.0
     Lair:1 |    4723 |    3618 |  43.4 |      11 |      15 |  57.7
     Lair:2 |    2901 |     439 |  13.1 |      19 |       4 |  17.4
     Lair:3 |    5954 |    2325 |  28.1 |      26 |      13 |  33.3
     Lair:4 |       0 |     468 | 100.0 |       0 |       2 | 100.0
     Bailey |       0 |    2697 | 100.0 |       0 |      21 | 100.0
      IceCv |       0 |   14015 | 100.0 |       0 |      56 | 100.0
            +---------+---------+-------+---------+---------+-------
